 Dungeon Crawl Stone Soup version 0.28-b1-70-g80dc712255 (webtiles) character file.

Game seed: 15598849649011864726

21 Minsecho the Skirmisher (level 2, -3/27 HPs)
             Began as a Minotaur Fighter on Feb 3, 2022.
             Slain by Sigmund (9 damage)
             ... on level 2 of the Dungeon.
             The game lasted 00:01:43 (1026 turns).

Minsecho the Skirmisher (Minotaur Fighter)          Turns: 1026, Time: 00:01:44

Health: -3/27      AC:  7    Str: 20    XL:     2   Next: 65%
Magic:  1/1        EV:  9    Int:  5    God:
Gold:   32         SH:  4    Dex:  9    Spells: 1/1 levels left

rFire   . . .      SeeInvis .   a - +0 war axe
rCold   . . .      Faith    .   c - +0 buckler
rNeg    . . .      Spirit   .   b - +0 scale mail
rPois   .          Reflect  .   (helmet restricted)
rElec   .          Harm     .   (no cloak)
rCorr   .          Rampage  .   (no gloves)
Will    .....                   (no boots)
Stlth   ..........              (no amulet)
HPRegen 0.09/turn               (no ring)
MPRegen 0.07/turn               (no ring)

@: no status effects
A: horns 2, retaliatory headbutt
a: no special abilities


You were on level 2 of the Dungeon.
You visited 1 branch of the dungeon, and saw 2 of its levels.

You collected 32 gold pieces.

Inventory:

Hand Weapons
 a - a +0 war axe (weapon)
Armour
 b - a +0 scale mail (worn)
 c - a +0 buckler (worn)
Jewellery
 e - a ring of protection from fire
Scrolls
 g - a scroll of blinking {unknown}
 i - a scroll of fog {unknown}
 j - a scroll of magic mapping {unknown}
Potions
 d - a potion of might
 f - a potion of heal wounds {unknown}
 h - a potion of curing {unknown}


   Skills:
 + Level 4.2 Fighting
 + Level 2.6 Axes
 + Level 4.0 Armour
 + Level 3.9 Shields


You had one spell level left.
You didn't know any spells.
Your spell library was empty.

Dungeon Overview and Level Annotations

Branches:
Dungeon (2/15)

Altars:

Annotations:
D:2 Sigmund


Innate Abilities, Weirdness & Mutations

You have a pair of horns on your head.
You reflexively headbutt those who attack you in melee.


Message History

Found a stone staircase leading down.
Partly explored, can't reach some places.
Partly explored, can't reach some places.
(D) Dungeon
Where to? (? - help)
There is a stone staircase leading down here.
You climb downwards.
Found an escape hatch in the ceiling.
There is a stone staircase leading up here.
There is a stone staircase leading up here.
You open the door.
There is an open door here.
A dart slug comes into view.
The dart slug launches a dart at you.
The slug dart hits you but does no damage.
You hit the dart slug.
The dart slug is moderately wounded.
The dart slug bites you but does no damage.
You slash the dart slug!
You kill the dart slug!
No target in view!
Sigmund the Dreaded comes into view.
He is wielding a +2 vorpal scythe.
You see here 10 gold pieces.
Sigmund is nearby!
You block Sigmund's attack.
Sigmund casts a spell.
Sigmund flickers and vanishes!
Deactivating autopickup; reactivate with Ctrl-A.
You completely miss something. Your headbutt misses something.
Something hits you!
You hit something but do no damage. You headbutt something.
You block something's attack.
You hit something. You headbutt something. Something hits you.
You hit something.
You hear some strange, mumbled words.
A magic dart appears from out of thin air!
The magic dart hits you!
* * * LOW HITPOINT WARNING * * *
You closely miss something. Something hits you!
You die...

@#.... . ...... #
#.#...#..### .. ....
... # #. #..#..#
.###.##..#..###. ##
........$....... ...
##..##{.######. ....
.#.##..##@......##..#
................†...#
.#.##....#.#....##....
#....#.+....##..#.
#....#.#...###..#
#....#+#...# #<.#
...#.......## #..#
##.........#
##..####.#
..#.......###<.......#


There were no monsters in sight!

Vanquished Creatures
  2 dart slugs
  A ball python (D:1)
  A bat (D:1)
  3 endoplasms (D:1)
  A giant cockroach (D:1)
  A goblin (D:1)
  2 frilled lizards (D:1)
  2 kobolds (D:1)
  4 rats (D:1)
17 creatures vanquished.

Vanquished Creatures (others)
  A demonic plant (D:1)
1 creature vanquished.

Grand Total: 18 creatures vanquished

Notes
Turn   | Place    | Note
-------+----------+-------------------------------------------
     0 | D:1      | Minsecho the Minotaur Fighter began the quest for the Orb.
     0 | D:1      | Reached XP level 1. HP: 19/19 MP: 0/0
    74 | D:1      | Found a faded altar of an unknown god.
   275 | D:1      | Reached XP level 2. HP: 27/27 MP: 1/1
  1012 | D:2      | Noticed Sigmund
  1026 | D:2      | Slain by Sigmund

Illustrated notes

Levels and vault maps discovered:
D:1:      psy_arrival_heroes, layout_basic, shapermc_ecumenical_altar_gd
D:2:      layout_basic, serial_shops, nicolae_shop_overgrown_old_shop,
          basic_altar, uniq_natasha, uniq_crazy_yiuf_cottage, uniq_sigmund,
          uniq_jessica

Skill      XL: |  1  2 |
---------------+-------+-----
Fighting       | 4 |  4.2
Armour         | 4 |  4.0
Axes           | |  2.6
Shields        | |  3.9

Action                   || total
-------------------------++-------
Melee: War axe           ||    33
       Headbutt          ||     5
Armor: Scale mail        ||    12
Dodge: Dodged            ||    13
Block: Buckler           ||     7
